 Dungeon Crawl Stone Soup version 0.22.1-2-g9c5b331383 (webtiles) character file.

1332 Rediskos the Caller (level 8, -2/44 HPs)
             Began as a Tengu Summoner on Nov 15, 2018.
             Was an Initiate of Sif Muna.
             Killed themself with a badly aimed iceblast (7 damage)
             ... on level 6 of the Dungeon.
             The game lasted 00:48:38 (8872 turns).

Rediskos the Caller (Tengu Summoner)                Turns: 8872, Time: 00:48:39

Health: -2/44      AC:  6    Str:  9    XL:     8   Next: 61%
Magic:  3/14       EV: 18    Int: 17    God:    Sif Muna [......]
Gold:   220        SH:  0    Dex: 15    Spells: 4/14 levels left

rFire    + . .     SeeInvis .   s - +0 trident (venom)
rCold    . . .     Gourm    .   (no shield)
rNeg     . . .     Faith    .   e - +3 leather armour {rF+}
rPois    .         Spirit   .   (helmet restricted)
rElec    .         Reflect  .   (no cloak)
rCorr    .         Harm     .   (no gloves)
MR       +....                  (boots unavailable)
Stlth    ++........             (no amulet)
HPRegen  0.14/turn              o - ring of protection from magic
MPRegen  0.14/turn              (no ring)

@: flying quickly and evasively, very slightly contaminated, quick
A: beak, talons 3, able to fly 1
a: Renounce Religion


You were on level 6 of the Dungeon.
You worshipped Sif Muna.
Sif Muna was noncommittal.
You were not hungry.

You visited 2 branches of the dungeon, and saw 7 of its levels.

You collected 220 gold pieces.

Inventory:

Hand Weapons
 s - a +0 trident of venom (weapon)
Armour
 e - a +3 leather armour of fire resistance (worn)
Jewellery
 o - a ring of protection from magic (left hand)
Wands
 q - a wand of random effects (59)
 t - a wand of acid (6)
Scrolls
 d - a scroll of noise {unknown}
 f - a scroll of random uselessness {unknown}
 h - a scroll of teleportation {unknown}
 i - 2 scrolls of enchant weapon
 j - a scroll of blinking {unknown}
 m - a scroll of amnesia {unknown}
 p - a scroll of remove curse
Potions
 b - a potion of curing {unknown}
 g - a potion of resistance
 k - 3 potions of flight
 n - a potion of berserk rage
 u - 2 potions of heal wounds {unknown}
Comestibles
 c - 2 rations


   Skills:
 - Level 2.0 Fighting
 + Level 6.1 Dodging
 - Level 2.5 Stealth
 + Level 3.9 Spellcasting
 + Level 7.9 Summonings
 - Level 6.5 Air Magic


You had 4 spell levels left.
You knew the following spells:

 Your Spells              Type           Power        Failure   Level  Hunger
a - Call Imp              Summ           ####....     1%          2    ##.....
b - Summon Small Mammal   Summ           ####         1%          1    None
d - Summon Lightning Spi  Summ/Air       ####....     12%         4    ####...
x - Call Canine Familiar  Summ           ####....     2%          3    ###....

Your spell library contained the following spells:

 Spells                   Type           Power        Failure   Level  Hunger
 Summon Guardian Golem    Hex/Summ       ###.....     13%         3    ###....
 Summon Ice Beast         Ice/Summ       ###.....     41%         4    ####...


Dungeon Overview and Level Annotations

Branches:
Dungeon (6/15)             Temple (1/1) D:5

Altars:
Ashenzari
Cheibriados
Dithmenos
Fedhas
Gozag
Hepliaklqana
Kikubaaqudgha
Makhleb
Okawaru
Ru
Sif Muna
Trog
Uskayaw
Vehumet
Wu Jian
Xom
Zin
The Shining One

Annotations:
D:6 1 runed door


Innate Abilities, Weirdness & Mutations

You have a beak for a mouth.
You have claws for feet.
You can fly.


Message History

* * * LOW HITPOINT WARNING * * *
You see here an arrow.
Okay, then.
The centaur shoots an arrow.
The arrow barely misses you.
You see here 2 arrows.
The centaur unwields an uncursed shortbow.
The centaur completely misses you.
You see here 2 arrows.
Attack whom?
Press: ? - help, Dir - move target cursor, f - centaur
Aim: a centaur
Okay, then.
Evoke which item? (* to show all) (? for menu, Esc to quit)
Aiming: Random Effects
Press: ? - help, Shift-Dir - straight line, f - centaur
Aim: a centaur The mass of ice explodes!
The iceblast engulfs the centaur.
The centaur is heavily wounded.
The iceblast engulfs you!
You die...

#.##.#.#
########.)...#
#.)..c.(..#.##
#.######.....#
#(# ..##.#.#
#.# #.# ...%#
#(# #.# .###
###########c#
#.# .#
#.........@.#
..#
#.###########
.. #.##
#.#..#####!..
#.#..........
#.#..######.#
# #.#..# #
#.#..# #.#..#


You could see a centaur.

Vanquished Creatures
  A hippogriff (D:5)
  Eustachio (D:4)
  An orc warrior (D:6)
  A centaur (D:6)
  Blork the orc (D:4)
  A scorpion (D:4)
  2 orc wizards
  An iguana (D:4)
  An adder (D:2)
  2 gnolls
  A leopard gecko (D:1)
  An orc (D:5)
  3 giant cockroaches
  3 goblins (D:4)
  3 hobgoblins
  3 jackals
  4 bats
  5 frilled lizards
  2 rats
37 creatures vanquished.

Vanquished Creatures (collateral kills)
  Grinder (D:4)
  An ice beast (D:2)
  An orc warrior (D:6)
  A black bear (D:6)
  2 ogres
  3 crimson imps
  2 hounds
  A jelly (D:5)
  An orc priest (D:6)
  A gnoll shaman (D:4)
  2 orc wizards (D:6)
  3 worker ants (D:4)
  Robin (D:4)
  4 gnolls
  3 adders
  2 shadow imps (D:6)
  An adder skeleton (D:5)
  4 worms
  5 dart slugs
  5 leopard geckos
  9 orcs
  2 bats (D:1)
  A giant cockroach (D:3)
  8 goblins
  7 hobgoblins
  6 jackals
  6 frilled lizards
  7 kobolds
  3 rats
93 creatures vanquished.

Grand Total: 130 creatures vanquished

Notes
Turn   | Place    | Note
-------+----------+-------------------------------------------
     0 | D:1      | Rediskos the Tengu Summoner began the quest for the Orb.
     0 | D:1      | Reached XP level 1. HP: 10/10 MP: 4/4
   394 | D:1      | Reached XP level 2. HP: 16/16 MP: 3/6
   398 | D:1      | Learned a level 2 spell: Call Imp
   420 | D:1      | Found an ornate altar of the Wu Jian Council.
   676 | D:1      | Reached skill level 1 in Fighting
  1323 | D:2      | Found a faded altar of an unknown god.
  1490 | D:2      | Reached XP level 3. HP: 20/20 MP: 4/7
  1631 | D:2      | Learned a level 3 spell: Call Canine Familiar
  2192 | D:2      | Noticed an ice beast
  2259 | D:2      | Killed an ice beast
  2259 | D:2      | Reached skill level 5 in Summonings
  2259 | D:2      | Reached XP level 4. HP: 26/26 MP: 0/9
  2973 | D:3      | Gained mutation: You can fly. [Tengu growth]
  2973 | D:3      | Reached XP level 5. HP: 30/30 MP: 1/10
  3203 | D:3      | Noticed a dagger
  3207 | D:3      | Noticed a dagger
  3242 | D:3      | Found a hide-covered altar of Uskayaw.
  3693 | D:4      | Noticed Eustachio
  4345 | D:3      | Learned a level 4 spell: Summon Lightning Spire
  4564 | D:4      | Reached skill level 1 in Air Magic
  4625 | D:4      | Noticed Blork the orc
  4641 | D:4      | Killed Blork the orc
  4641 | D:4      | Reached XP level 6. HP: 9/35 MP: 5/11
  5509 | D:4      | Noticed Robin
  5522 | D:4      | Killed Robin
  5522 | D:4      | Reached skill level 6 in Summonings
  5929 | D:4      | Killed Eustachio
  6199 | D:4      | Noticed Grinder
  6229 | D:4      | Killed Grinder
  6229 | D:4      | Reached XP level 7. HP: 40/40 MP: 3/12
  6363 | D:4      | Reached skill level 5 in Air Magic
  6761 | D:5      | Entered Level 5 of the Dungeon
  6950 | D:5      | Found a snail-covered altar of Cheibriados.
  7075 | D:5      | Found a sacrificial altar of Ru.
  7077 | D:5      | Noticed a hippogriff
  7091 | D:5      | Killed a hippogriff
  7091 | D:5      | Reached skill level 5 in Dodging
  7091 | D:5      | Reached skill level 7 in Summonings
  7091 | D:5      | Reached XP level 8. HP: 21/44 MP: 9/13
  7161 | D:5      | Found a shimmering altar of Xom.
  7242 | D:5      | Found a staircase to the Ecumenical Temple.
  7246 | Temple   | Entered the Ecumenical Temple
  7318 | Temple   | Became a worshipper of Sif Muna the Loreminder
  8264 | D:6      | Found a runed door.
  8803 | D:6      | Found a blossoming altar of Fedhas.
  8841 | D:6      | Found a hazy altar of Hepliaklqana.
  8872 | D:6      | Killed themself with a badly aimed iceblast

Skill      XL: |  1  2  3  4  5  6  7  8 |
---------------+-------------------------+-----
Fighting       | 1 2 |  2.0
Dodging        | 3 4 5 6 |  6.1
Summonings     | 5 6 7 |  7.9
Spellcasting   | 3 |  3.9
Air Magic      | 1 4 6 |  6.5
Stealth        | |  2.5

Action                   |  1- 3 |  4- 6 |  7- 9 || total
-------------------------+-------+-------+-------++-------
Melee: Spear             |    49 |    32 |       ||    81
       Unarmed           |     4 |       |       ||     4
       Kick              |    10 |     5 |     4 ||    19
       Peck              |     3 |     4 |     2 ||     9
       Trident           |       |    41 |    54 ||    95
 Cast: Summon Small Mamm |    14 |       |       ||    14
       Call Imp          |    26 |    66 |    17 ||   109
       Call Canine Famil |     6 |    12 |     4 ||    22
       Summon Lightning  |       |       |     8 ||     8
 Abil: Fly               |       |    11 |     7 ||    18
  Use: Scroll            |     1 |     5 |     1 ||     7
 Stab: Sleeping          |     4 |     2 |       ||     6
       Distracted        |     1 |     1 |     1 ||     3
  Eat: Chunk             |     6 |     9 |     6 ||    21
       Ration            |       |     3 |     2 ||     5
Armor: Robe              |     6 |       |       ||     6
       Leather armour    |     2 |    37 |     4 ||    43
Dodge: Dodged            |    34 |   172 |    34 ||   240
